 Dungeon Crawl Stone Soup version 0.27.1 (console) character file.

Game seed: 11839230727675098806

12257 thromnambular the Martial Artist (level 11, -1/84 HPs)
             Began as a Gnoll Transmuter on Sept 2, 2021.
             Was an Initiate of Gozag.
             Slain by a tarantella (12 damage)
             ... on level 2 of the Lair of Beasts on Sept 4, 2021.
             The game lasted 00:38:35 (10515 turns).

thromnambular the Martial Artist (GnTm)            Turns: 10515, Time: 00:38:36

Health: -1/84      AC: 15    Str: 12    XL:     11   Next: 90%
Magic:  24/32      EV: 15    Int: 14    God:    Gozag
Gold:   368        SH:  0    Dex: 12    Spells: 3/27 levels left

rFire    . . .     SeeInvis .     - Unarmed
rCold    . . .     Faith    .   (no shield)
rNeg     . . .     Spirit   .   C - +0 steam dragon scales
rPois    .         Reflect  .   v - +1 hat
rElec    .         Harm     .   h - +1 cloak {Will+}
rCorr    +         Rampage  +   n - +2 pair of gloves
Will     +....                  y - +1 pair of boots {rampage}
Stlth    +.........             i - amulet of regeneration
HPRegen  1.24/turn              d - ring of magical power
MPRegen  0.23/turn              F - ring of resist corrosion

@: confused, contaminated, glowing
A: fangs 1, strong nose, distributed training
a: Renounce Religion, Potion Petition, Call Merchant, Bribe Branch


You were on level 2 of the Lair of Beasts.
You worshipped Gozag.
Gozag was aware of your devotion.
You visited 2 branches of the dungeon, and saw 10 of its levels.
You also visited: Sewer.

You collected 1464 gold pieces.
You spent 989 gold pieces at shops.
You paid 107 gold pieces to Gozag.

Inventory:

Missiles
 c - 5 silver boomerangs (quivered)
 t - 49 poisoned darts
Armour
 h - a +1 cloak of willpower (worn)
 n - a +2 pair of gloves (worn)
 q - a +1 leather armour of cold resistance
 v - a +1 hat (worn)
 y - a +1 pair of boots of rampaging (worn)
 C - +0 steam dragon scales (worn)
Jewellery
 d - a ring of magical power (left hand)
 i - an amulet of regeneration (around neck)
 o - a ring of positive energy
 x - an amulet of reflection
 F - a ring of resist corrosion (right hand)
Wands
 m - a wand of mindburst (4)
 D - a wand of iceblast (7)
 E - a wand of polymorph (2)
 H - a wand of paralysis (11)
Scrolls
 a - a scroll of amnesia
 e - a scroll of noise
 j - a scroll of fear
 p - a scroll of brand weapon
 w - a scroll of silence
Potions
 b - a potion of invisibility {unknown}
 f - 3 potions of attraction
 g - a potion of degeneration {unknown}
 k - 2 potions of curing
 r - 3 potions of might
 s - a potion of flight
 z - a potion of mutation {unknown}
 A - 2 potions of lignification
 B - a potion of brilliance {unknown}
 I - a potion of magic {unknown}


   Skills:
 + Level 7.2 Fighting
 + Level 6.7 Short Blades
 + Level 6.7 Long Blades
 + Level 6.7 Axes
 + Level 6.7 Maces & Flails
 + Level 6.7 Polearms
 + Level 6.7 Staves
 + Level 6.7 Slings
 + Level 6.7 Bows
 + Level 6.7 Crossbows
 + Level 6.7 Throwing
 + Level 6.7 Armour
 + Level 8.2 Dodging
 + Level 6.7 Stealth
 + Level 6.7 Shields
 + Level 9.4 Unarmed Combat
 + Level 8.5 Spellcasting
 + Level 5.5 Conjurations
 + Level 5.5 Hexes
 + Level 5.5 Summonings
 + Level 5.5 Necromancy
 + Level 5.5 Translocations
 + Level 6.8 Transmutations
 + Level 5.5 Fire Magic
 + Level 5.5 Ice Magic
 + Level 5.5 Air Magic
 + Level 5.5 Earth Magic
 + Level 5.5 Poison Magic
 + Level 7.4 Invocations
 + Level 6.7 Evocations


You had 3 spell levels left.
You knew the following spells:

 Your Spells              Type           Power      Damage    Failure   Level
a - Beastly Appendage     Tmut           50%        N/A       1%          1
b - Spider Form           Tmut/Pois      11%        N/A       2%          3
c - Ensorcelled Hibernat  Hex/Ice        42%        N/A       1%          2
d - Ice Form              Ice/Tmut       23%        N/A       10%         4
e - Wereblood             Tmut           25%        N/A       1%          2
f - Blink                 Tloc           N/A        N/A       1%          2
g - Manifold Assault      Tloc           21%        N/A       34%         5
h - Blade Hands           Tmut           12%        N/A       21%         5

Your spell library contained the following spells:

 Spells                   Type           Power      Damage    Failure   Level
 Animate Skeleton         Necr           42%        N/A       1%          1
 Corona                   Hex            23%        N/A       1%          1
 Pain                     Necr           84%        1d8       1%          1
 Lesser Beckoning         Tloc           10%        N/A       3%          3
 Tukima's Dance           Hex            21%        N/A       3%          3
 Vampiric Draining        Necr           10%        2d7       3%          3
 Irradiate                Conj/Tmut      11%        3d17      26%         5
 Shadow Creatures         Summ           N/A        N/A       88%         6
 Dragon Form              Tmut           12%        N/A       99%         7


Dungeon Overview and Level Annotations

Branches:
Dungeon (8/15)             Temple (0/1) D:5            Lair (2/6) D:8
 Spider (0/4) Lair:2        Sewer (visited)
  Swamp: Lair:2-4    Shoals: Lair:2-4

Altars:
Gozag
Kikubaaqudgha
Nemelex Xobeh
Uskayaw
Xom
Yredelemnul
Zin

Shops:
D:5 **   D:6 [(=*

Annotations:
D:4 exclusion: 2 doors
D:6 3 runed translucent doors, WaxSun's ghost, amateur FoAK
D:7 exclusion: door


Innate Abilities, Weirdness & Mutations

You have very sharp teeth.
Your uncanny sense of smell can sniff out nearby items.
Your experience applies equally to all skills.


Message History

Okay, then.
Unknown command.
You are too confused!
You bump into the rock wall.
The tarantella closely misses you. The tarantella bites you!
You bump into the rock wall.
The tarantella closely misses you.
You're too confused to move!
The tarantella bites you!
* * * LOW HITPOINT WARNING * * *
The tarantella bites you.
* * * LOW HITPOINT WARNING * * *
You are more confused.
You bump into the rock wall.
The tarantella bites you.
* * * LOW HITPOINT WARNING * * *
You are too confused!
You are too confused!
Okay, then.
Okay, then.
Unknown command.
You are too confused!
Unknown command.
Unknown command.
Non-targeted confused throw: throwing net
Press: ? - help, Q - select action, (/) - cycle Dir - look around, f - activate Look: a tarantella (moderately wounded)
You throw a throwing net. The throwing net misses the tarantella.
The tarantella bites you!
* * * LOW HITPOINT WARNING * * *
You are more confused.
Non-targeted confused throw: 5 boomerangs (silver)
Press: ? - help, Q - select action, (/) - cycle Dir - look around, f - activate Look: a tarantella (moderately wounded)
You throw a silver boomerang. The tarantella misses you.
The tarantella barely misses you.
Non-targeted confused throw: 5 boomerangs (silver)
Press: ? - help, Q - select action, (/) - cycle Dir - look around, f - activate Look: a tarantella (moderately wounded)
You throw a silver boomerang. The tarantella bites you!
You die...
Your body crumbles into a pile of gold.

.#..P# #....## ..P
....... ## ..##
....... . #... .....#
^# ...# ##...###.^^ #.
^..## .#..##...#.^.##^
^...# ....#..
^#^.>.^.#^?.## ##...#
..^. #@#..P# .#..##
#^.^.####s..# ....##
#^[.#....##
.....##...(####^..(..#
....###...^.^#^......#
#...P#........####..##
#....##.....## #...#
....#.#P...# #.(##
...........# #[.##


You could see a tarantella.

Vanquished Creatures
  Erica (Lair:1)
  A two-headed ogre (D:8)
  Sonja (Lair:1)
  2 cane toads (Lair:1)
  4 komodo dragons (Lair:1)
  Maggie (D:7)
  A kobold demonologist (D:5)
  A hornet (D:6)
  3 blink frogs (Lair:1)
  8 yaks (Lair:1)
  A wyvern (Lair:1)
  Sigmund (D:6)
  Eustachio (D:4)
  A steam dragon (D:4)
  Edmund (D:4)
  3 wargs (D:8)
  Duvessa (D:7)
  Purgy (Sewer)
  8 water moccasins
  2 orc warriors (D:8)
  2 black bears
  4 necrophages
  An ice beast (D:6)
  A centaur (D:8)
  4 ogres
  11 wolves (Lair:1)
  2 phantoms
  4 kobold brigands
  9 bullfrogs
  A scorpion (D:3)
  A gnoll sergeant (D:8)
  Dowan (D:7)
  An electric eel (Lair:1)
  A howler monkey (D:8)
  A bullfrog zombie (D:6)
  A centaur skeleton (D:7)
  A centaur zombie (D:6)
  A jelly (D:5)
  An orc priest (D:8)
  4 hounds
  A gnoll shaman (D:6)
  Crazy Yiuf (D:4)
  Jessica (D:3)
  2 bullfrog skeletons (D:5)
  An iguana (D:4)
  Natasha (thrice) (D:4)
  5 orc wizards
  2 killer bee zombies
  A howler monkey zombie (D:5)
  8 gnolls
  8 adders
  2 shadow imps
  3 white imps
  An ufetubus (D:6)
  2 worms (D:4)
  5 dart slugs
  13 orcs
  3 endoplasms
  9 giant cockroaches
  5 goblins
  6 hobgoblins
  5 jackals
  3 quokkas
  A ball python (D:2)
  6 bats
  4 frilled lizards
  22 kobolds
  8 rats
226 creatures vanquished.

Vanquished Creatures (others)
  A dancing weapon (D:7)
  9 fungi (Lair:1)
  12 plants
  A withered plant (D:6)
23 creatures vanquished.

Grand Total: 249 creatures vanquished

Notes
Turn   | Place    | Note
-------+----------+-------------------------------------------
     0 | D:1      | thromnambular the Gnoll Transmuter began the quest for the
                  | Orb.
     0 | D:1      | Reached XP level 1. HP: 17/17 MP: 6/6
   120 | D:2      | Reached XP level 2. HP: 14/23 MP: 5/7
   448 | D:2      | Reached XP level 3. HP: 22/28 MP: 9/9
   511 | D:2      | Learned a level 3 spell: Spider Form
   533 | D:1      | Reached skill level 5 in Spellcasting
   642 | D:1      | Learned a level 2 spell: Ensorcelled Hibernation
   822 | D:1      | Reached skill level 1 in Invocations
  1059 | D:1      | Reached skill level 1 in Short Blades
  1059 | D:1      | Reached skill level 1 in Long Blades
  1059 | D:1      | Reached skill level 1 in Axes
  1059 | D:1      | Reached skill level 1 in Maces & Flails
  1059 | D:1      | Reached skill level 1 in Polearms
  1059 | D:1      | Reached skill level 1 in Staves
  1059 | D:1      | Reached skill level 1 in Slings
  1059 | D:1      | Reached skill level 1 in Bows
  1059 | D:1      | Reached skill level 1 in Crossbows
  1059 | D:1      | Reached skill level 1 in Throwing
  1059 | D:1      | Reached skill level 1 in Armour
  1059 | D:1      | Reached skill level 1 in Stealth
  1059 | D:1      | Reached skill level 1 in Shields
  1059 | D:1      | Reached skill level 1 in Evocations
  1118 | D:1      | Reached XP level 4. HP: 34/34 MP: 11/11
  1786 | D:2      | Learned a level 3 spell: Tukima's Dance
  1959 | D:3      | Noticed a scorpion
  2031 | D:3      | Noticed a +0 dagger
  2031 | D:3      | Noticed a +0 hand axe
  2042 | D:3      | Found a hide-covered altar of Uskayaw.
  2156 | D:3      | Killed a scorpion
  2157 | D:3      | Reached skill level 1 in Conjurations
  2157 | D:3      | Reached skill level 1 in Hexes
  2157 | D:3      | Reached skill level 1 in Summonings
  2157 | D:3      | Reached skill level 1 in Necromancy
  2157 | D:3      | Reached skill level 1 in Translocations
  2157 | D:3      | Reached skill level 1 in Fire Magic
  2157 | D:3      | Reached skill level 1 in Ice Magic
  2157 | D:3      | Reached skill level 1 in Air Magic
  2157 | D:3      | Reached skill level 1 in Earth Magic
  2157 | D:3      | Reached skill level 1 in Poison Magic
  2157 | D:3      | Reached XP level 5. HP: 27/40 MP: 12/12
  2452 | D:3      | Noticed Jessica
  2454 | D:3      | Killed Jessica
  2476 | D:3      | Found a sparkling altar of Nemelex Xobeh.
  2730 | D:4      | Reached XP level 6. HP: 43/47 MP: 13/13
  2739 | D:4      | Noticed Natasha
  2743 | D:4      | Killed Natasha
  2754 | D:4      | Found a runed translucent door.
  2755 | D:4      | Noticed Crazy Yiuf
  2766 | D:4      | Killed Crazy Yiuf
  2871 | D:4      | Noticed Natasha
  2892 | D:4      | Killed Natasha
  2893 | D:4      | Reached skill level 5 in Dodging
  2893 | D:4      | Found a glowing drain.
  2931 | Sewer    | Entered a sewer
  2998 | Sewer    | Noticed Purgy
  3007 | Sewer    | Killed Purgy
  3049 | Sewer    | Reached XP level 7. HP: 52/52 MP: 15/15
  3143 | D:4      | Reached skill level 7 in Unarmed Combat
  3216 | D:4      | Noticed Edmund
  3216 | D:4      | Noticed Eustachio
  3225 | D:4      | Noticed a steam dragon
  3613 | D:4      | Killed Edmund
  3629 | D:4      | Killed Eustachio
  3630 | D:4      | Reached XP level 8. HP: 48/60 MP: 16/16
  3689 | D:4      | Noticed Natasha
  3719 | D:4      | Killed Natasha
  3846 | D:5      | Entered Level 5 of the Dungeon
  3945 | D:5      | Noticed a kobold demonologist
  3997 | D:5      | Learned a level 2 spell: Wereblood
  4115 | D:5      | Learned a level 2 spell: Blink
  4121 | D:5      | Learned a level 5 spell: Manifold Assault
  4217 | D:5      | Noticed a hellwing
  4217 | D:5      | Killed a kobold demonologist
  4218 | D:5      | Reached skill level 5 in Transmutations
  4218 | D:5      | Reached XP level 9. HP: 65/67 MP: 18/18
  4319 | D:5      | Found an opulent altar of Gozag.
  4324 | D:5      | Found Gozag's Platinum Reserve.
  4328 | D:5      | Became a worshipper of Gozag Ym Sagoz the Greedy
  4401 | D:5      | Found Nugodeg's General Store.
  4404 | D:5      | Bought a scroll of silence for 112 gold pieces
  4404 | D:5      | Bought a scroll of identify for 30 gold pieces
  4754 | D:5      | Found a staircase to the Ecumenical Temple.
  4905 | D:6      | Reached skill level 5 in Fighting
  4970 | D:6      | Found a glowing silver altar of Zin.
  4987 | D:6      | Noticed Sigmund
  4998 | D:6      | Killed Sigmund
  5051 | D:6      | Reached skill level 8 in Unarmed Combat
  5080 | D:6      | Found an ancient bone altar of Kikubaaqudgha.
  5135 | D:6      | Found Dato's Jewellery Shoppe.
  5137 | D:6      | Found Yggofet's Antique Armour Shoppe.
  5139 | D:6      | Found Laor's Antique Weapon Shoppe.
  5140 | D:6      | Found Caluuqar's General Store.
  5226 | D:6      | Noticed a hornet
  5230 | D:6      | Paralysed by a hornet for 3 turns
  5236 | D:6      | Killed a hornet
  5237 | D:6      | Reached skill level 5 in Invocations
  5384 | D:6      | Bought a pair of embroidered boots for 195 gold pieces
  5468 | D:6      | Found a runed translucent gate.
  5468 | D:6      | Found a runed translucent gate.
  5468 | D:6      | Found a runed translucent gate.
  5468 | D:6      | Noticed WaxSun's ghost (amateur FoAK)
  5470 | D:6      | Found a basalt altar of Yredelemnul.
  6041 | D:7      | Noticed Duvessa
  6051 | D:7      | Killed Duvessa
  6080 | D:7      | Noticed Dowan
  6119 | D:7      | Reached XP level 10. HP: 64/74 MP: 20/20
  6120 | D:7      | Killed Dowan
  6234 | D:7      | Noticed Maggie
  6264 | D:7      | Killed Maggie
  6265 | D:7      | Reached skill level 5 in Short Blades
  6265 | D:7      | Reached skill level 5 in Long Blades
  6265 | D:7      | Reached skill level 5 in Axes
  6265 | D:7      | Reached skill level 5 in Maces & Flails
  6265 | D:7      | Reached skill level 5 in Polearms
  6265 | D:7      | Reached skill level 5 in Staves
  6265 | D:7      | Reached skill level 5 in Slings
  6265 | D:7      | Reached skill level 5 in Bows
  6265 | D:7      | Reached skill level 5 in Crossbows
  6265 | D:7      | Reached skill level 5 in Throwing
  6265 | D:7      | Reached skill level 5 in Armour
  6265 | D:7      | Reached skill level 5 in Stealth
  6265 | D:7      | Reached skill level 5 in Shields
  6265 | D:7      | Reached skill level 5 in Evocations
  6460 | D:7      | Noticed a gargoyle
  6467 | D:7      | Noticed a gargoyle
  6487 | D:8      | Found a staircase to the Lair.
  6649 | D:7      | Noticed a gargoyle
  6708 | D:8      | Found a shimmering altar of Xom.
  7641 | D:8      | Noticed a two-headed ogre
  7658 | D:8      | Killed a two-headed ogre
  8131 | Lair:1   | Entered Level 1 of the Lair of Beasts
  8232 | Lair:1   | Noticed a cane toad
  8248 | Lair:1   | Killed a cane toad
  8353 | Lair:1   | Reached XP level 11. HP: 62/83 MP: 22/22
  8424 | D:6      | Bought a book of Transfigurations for 600 gold pieces
  8424 | D:6      | Bought a scroll of fear for 52 gold pieces
  8430 | D:6      | Learned a level 5 spell: Blade Hands
  8624 | Lair:1   | Reached skill level 9 in Unarmed Combat
  8681 | Lair:1   | Reached skill level 5 in Conjurations
  8681 | Lair:1   | Reached skill level 5 in Hexes
  8681 | Lair:1   | Reached skill level 5 in Summonings
  8681 | Lair:1   | Reached skill level 5 in Necromancy
  8681 | Lair:1   | Reached skill level 5 in Translocations
  8681 | Lair:1   | Reached skill level 5 in Fire Magic
  8681 | Lair:1   | Reached skill level 5 in Ice Magic
  8681 | Lair:1   | Reached skill level 5 in Air Magic
  8681 | Lair:1   | Reached skill level 5 in Earth Magic
  8681 | Lair:1   | Reached skill level 5 in Poison Magic
  8744 | Lair:1   | Learned a level 4 spell: Ice Form
  8765 | Lair:1   | Noticed Erica
  9016 | Lair:1   | HP: 3/83 [komodo dragon (32)]
  9236 | Lair:1   | Killed Erica
  9689 | Lair:1   | Noticed Sonja
  9761 | Lair:1   | Killed Sonja
 10502 | Lair:2   | Found a hole to the Spider Nest.
 10515 | Lair:2   | Slain by a tarantella

Illustrated notes

Levels and vault maps discovered:
D:1:      nicolae_arrival_somewhat_less_tricky_arrival, layout_rooms
D:2:      layout_basic, hex_tiny, minmay_misc_feat_pillars
D:3:      layout_loops_cross, nemelex_xobeh_ov_fountains_minmay,
          dancing_weapons_uskayaw, minmay_misc_feat_iff, uniq_jessica
D:4:      layout_gridville, portal_sewer_entry_c, minmay_misc_feat_roman,
          kennysheep_generic_room_15, uniq_edmund, uniq_crazy_yiuf_cottage,
          uniq_eustachio, uniq_natasha
D:5:      layout_rooms, nicolae_gozag_zags_fifth_avenue,
          minmay_temple_entry_poolview, serial_shops, kennysheep_mini,
          st_stairs_6, dk_vineyard_1
D:6:      layout_basic, kiku_gazebo_garden_becter, zin_statuary,
          nicolae_yredelemnul_ghost_church, minmay_shop_grid_forest,
          uniq_sigmund
D:7:      cheibrodos_statue_roulette, layout_rooms,
          mainiacjoe_overflow_alcove_2, hex_large, st_stairs_12, uniq_duvessa,
          uniq_joseph, uniq_maggie
D:8:      layout_loops_corners, lemuel_tele_altar, erik_lair_orcish_takeover
Lair:1:   layout_regular_city, beast_lair_carwin_4, serial_bayou_shore_a,
          grunt_megastairs_4, uniq_erica, uniq_sonja
Lair:2:   layout_long_grid, spider_nest_entry_rubble, gammafunk_lair_bear_cave,
          grunt_megastairs_5, minmay_lair_oklob_chamber, lemuel_fruit_fields

Skill      XL: |  1  2  3  4  5  6  7  8  9 10 11 |
---------------+----------------------------------+-----
Spellcasting   | 5 6 7 8 |  8.5
Invocations    | 1 2 3 4 5 6 7 |  7.4
Short Blades   | 1 2 3 4 5 6 |  6.7
Long Blades    | 1 2 3 4 5 6 |  6.7
Axes           | 1 2 3 4 5 6 |  6.7
Maces & Flails | 1 2 3 4 5 6 |  6.7
Polearms       | 1 2 3 4 5 6 |  6.7
Staves         | 1 2 3 4 5 6 |  6.7
Slings         | 1 2 3 4 5 6 |  6.7
Bows           | 1 2 3 4 5 6 |  6.7
Crossbows      | 1 2 3 4 5 6 |  6.7
Throwing       | 1 2 3 4 5 6 |  6.7
Armour         | 1 2 3 4 5 6 |  6.7
Stealth        | 1 2 3 4 5 6 |  6.7
Shields        | 1 2 3 4 5 6 |  6.7
Evocations     | 1 2 3 4 5 6 |  6.7
Conjurations   | 1 2 3 4 5 |  5.5
Hexes          | 1 2 3 4 5 |  5.5
Summonings     | 1 2 3 4 5 |  5.5
Necromancy     | 1 2 3 4 5 |  5.5
Translocations | 1 2 3 4 5 |  5.5
Fire Magic     | 1 2 3 4 5 |  5.5
Ice Magic      | 1 2 3 4 5 |  5.5
Air Magic      | 1 2 3 4 5 |  5.5
Earth Magic    | 1 2 3 4 5 |  5.5
Poison Magic   | 1 2 3 4 5 |  5.5
Fighting       | 3 4 5 6 7 |  7.2
Transmutations | 4 5 6 |  6.8
Dodging        | 5 6 7 8 |  8.2
Unarmed Combat | 7 8 9 |  9.4

Action                   |  1- 3 |  4- 6 |  7- 9 | 10-12 || total
-------------------------+-------+-------+-------+-------++-------
Melee: Unarmed           |    52 |   153 |   282 |   380 ||   867
       Headbutt          |     3 |     1 |       |       ||     4
       Bite              |     6 |     8 |     9 |     7 ||    30
       Kick              |     2 |     2 |       |       ||     4
       Punch             |       |     1 |     2 |     3 ||     6
Throw: Boomerang         |    25 |    16 |    36 |    17 ||    94
       Dart              |       |       |    20 |    58 ||    78
       Throwing net      |       |       |       |     1 ||     1
 Cast: Beastly Appendage |     5 |     3 |     1 |       ||     9
       Spider Form       |       |     5 |    27 |    23 ||    55
       Ensorcelled Hiber |       |       |       |     6 ||     6
       Tukima's Dance    |       |       |       |     1 ||     1
       Wereblood         |       |       |       |     1 ||     1
       Blade Hands       |       |       |       |     5 ||     5
       Ice Form          |       |       |       |     5 ||     5
       Manifold Assault  |       |       |       |     1 ||     1
Evoke: Wand              |       |       |     3 |     3 ||     6
  Use: Scroll            |     1 |     4 |     4 |    10 ||    19
       Potion            |     1 |       |       |     7 ||     8
 Stab: Sleeping          |       |     4 |     2 |     1 ||     7
       Distracted        |       |       |       |     3 ||     3
       Paralysed         |       |       |       |     2 ||     2
Armor: Ring mail         |    30 |       |       |       ||    30
       Robe              |     1 |    24 |    13 |       ||    38
       Skin              |       |     1 |     7 |     9 ||    17
       Leather armour    |       |       |    16 |    53 ||    69
       Steam dragon scal |       |       |       |    10 ||    10
Dodge: Dodged            |    55 |    97 |   244 |   299 ||   695
